 Dungeon Crawl Stone Soup version 0.27-a0-869-g165b36e3f0 (webtiles) character file.

Game seed: 13751934184863740988

338 polve the Ruffian (level 6, 0/44 HPs)
             Began as a Demonspawn Gladiator on Apr 2, 2021.
             Splashed by a jelly's acid (6 damage)
             ... on level 3 of the Dungeon.
             The game lasted 00:02:50 (4584 turns).

polve the Ruffian (Demonspawn Gladiator)            Turns: 4584, Time: 00:02:50

Health: 0/44       AC: -1    Str: 16    XL:     6   Next: 29%
Magic:  6/6        EV: 12    Int: 10    God:
Gold:   98         SH:  0    Dex: 14    Spells: 5/5 levels left

rFire    . . .     SeeInvis .     - Unarmed
rCold    . . .     Faith    .   (no shield)
rNeg     . . .     Spirit   .   b - +0 leather armour
rPois    .         Reflect  .   (helmet restricted)
rElec    .         Harm     .   (no cloak)
rCorr    .         Rampage  .   (no gloves)
Will     .....                  (no boots)
Stlth    +.........             (no amulet)
HPRegen  0.14/turn              (no ring)
MPRegen  0.10/turn              (no ring)

@: corroded
A: antennae 2, claws 1, talons 1
a: no special abilities


You were on level 3 of the Dungeon.
You visited 1 branch of the dungeon, and saw 4 of its levels.

You collected 98 gold pieces.

Inventory:

Missiles
 a - 4 boomerangs of dispersal
 d - 3 throwing nets (quivered)
Armour
 b - a +0 leather armour (worn)
 c - a +0 helmet
Scrolls
 e - a scroll of enchant weapon {unknown}
 g - a scroll of blinking {unknown}
 h - a scroll of noise {unknown}
 i - a scroll of immolation {unknown}
 k - a scroll of vulnerability {unknown}
 m - a scroll of teleportation {unknown}
Potions
 f - a potion of cancellation {unknown}
 j - a potion of brilliance {unknown}
 l - a potion of haste {unknown}
 n - a potion of curing {unknown}


   Skills:
 - Level 2.0 Fighting
 - Level 3.3 Long Blades
 - Level 1.7 Throwing
 - Level 2.6 Dodging
 + Level 5.4 Unarmed Combat


You had 5 spell levels left.
You didn't know any spells.
Your spell library was empty.

Dungeon Overview and Level Annotations

Branches:
Dungeon (4/15)
 Temple: D:4-7

Altars:

Shops:
D:1 =::[*   D:2 [


Innate Abilities, Weirdness & Mutations

You have a pair of antennae on your head.
You have sharp fingernails.
You have sharp toenails.


Message History

There is a stone staircase leading down here.
The adder barely misses you. The adder closely misses you.
The jelly closely misses you.
You see here a +0 mace.
You barely miss the adder. The adder misses you.
The orc priest looks encouraged for a moment.
The adder barely misses you. The adder barely misses you.
The adder barely misses you.
You are no longer corroded.
The adder bites you.
Things that are here:
a +0 chain mail; a +0 flail The adder barely misses you.
You closely miss the adder. Your kick misses the adder.
The adder barely misses you.
You closely miss the adder. The adder closely misses you.
You barely miss the adder. The adder closely misses you.
You miss the adder. Your kick misses the adder. The adder bites you.
You scratch the adder.
The adder is heavily wounded.
The adder closely misses you.
You miss the adder. Your kick misses the adder.
The adder is heavily wounded.
The adder bites you. The adder closely misses you.
You claw the adder!
You kill the adder!
You scratch the jelly. The acid corrodes you!
Your claws burn!
The jelly is lightly wounded.
You claw the jelly!
Your claws burn!
* * * LOW HITPOINT WARNING * * *
The jelly is heavily wounded.
The jelly barely misses you.
You scratch the jelly.
Your claws burn!
* * * LOW HITPOINT WARNING * * *
The jelly is almost dead.
The jelly hits you.
* * * LOW HITPOINT WARNING * * *
You are splashed with acid.
You die...

.###.##....≈≈........##.# #.#
.###.##.###≈≈≈≈≈≈###.##.# #.#
.......## ##≈≈≈≈## ####.# #.#
###..#.# ###### #.# #.# .....#.#
#.# #.# ..#.##.# #.# ##.#
#.#.##.# #.# #..#
#.#.##.################.# #.##
#......)........@.)..##.# #.#
...)##.##########J###.#.# #.#
##.>...# #####{## ##..# #.#
##..)### #.....# #..# #.#
##...#######.###.## ##.## #.#
##........o.{####.###.## #.####
.....###...{.........#######.##.#
####.# #.########.#..........#...
#.# #.# #.#############.#


You could see a jelly.

Vanquished Creatures
  A necrophage (D:4)
  A kobold brigand (D:3)
  A centaur skeleton (D:4)
  An orc wizard (D:3)
  4 adders
  2 ufetubi (D:3)
  An adder skeleton (D:4)
  A dart slug (D:2)
  8 orcs (D:3)
  4 ball pythons
  7 bats
  7 endoplasms
  5 giant cockroaches
  6 goblins
  6 hobgoblins
  5 jackals
  2 quokkas
  A frilled lizard (D:3)
  4 kobolds
  2 rats (D:3)
69 creatures vanquished.

Vanquished Creatures (others)
  3 plants (D:3)
3 creatures vanquished.

Grand Total: 72 creatures vanquished

Notes
Turn   | Place    | Note
-------+----------+-------------------------------------------
     0 | D:1      | polve the Demonspawn Gladiator began the quest for the Orb.
     0 | D:1      | Reached XP level 1. HP: 16/16 MP: 1/1
    26 | D:1      | Found Curiracw's Book Emporium.
   324 | D:1      | Found Hanuih's Antique Armour Emporium.
   376 | D:1      | Found Qiroymum's General Store.
   459 | D:1      | Gained mutation: You have sharp fingernails. [demonic
                  | ancestry]
   459 | D:1      | Reached XP level 2. HP: 7/22 MP: 2/2
   723 | D:1      | Found Yrghipli's Jewellery Shop.
  1215 | D:1      | Found Fourhy's Book Boutique.
  1333 | D:2      | Found Xasuq's Antique Armour Shop.
  1505 | D:2      | Reached skill level 1 in Unarmed Combat
  1624 | D:2      | Found a faded altar of an unknown god.
  1627 | D:2      | Reached XP level 3. HP: 27/27 MP: 3/3
  1834 | D:2      | Reached skill level 2 in Unarmed Combat
  2872 | D:3      | Gained mutation: You have sharp toenails. [demonic
                  | ancestry]
  2872 | D:3      | Reached XP level 4. HP: 32/33 MP: 4/4
  3054 | D:3      | Reached skill level 3 in Unarmed Combat
  3272 | D:3      | Noticed a kobold brigand
  3283 | D:3      | Killed a kobold brigand
  3284 | D:3      | Reached skill level 4 in Unarmed Combat
  3284 | D:3      | Gained mutation: You have a pair of small antennae on your
                  | head. [demonic ancestry]
  3284 | D:3      | Reached XP level 5. HP: 18/38 MP: 5/5
  3687 | D:4      | Noticed a necrophage
  3697 | D:4      | Killed a necrophage
  3698 | D:4      | Reached skill level 5 in Unarmed Combat
  3698 | D:4      | Gained mutation: You have a pair of antennae on your head.
                  | [demonic ancestry]
  3698 | D:4      | Reached XP level 6. HP: 29/44 MP: 6/6
  4584 | D:3      | Splashed by a jelly's acid

Illustrated notes

Levels and vault maps discovered:
D:1:      minmay_arrival_stair_chambers, layout_loops_ring, serial_shops,
          shop_fountains, shop_statue, nicolae_shop_behind_doors, shop,
          nicolae_shop_waterfront, kennysheep_flooded_box
D:2:      minmay_alternating_diamond, layout_basic, basic_ecumenical_altar,
          serial_shops, shop, minmay_misc_feat_nine_boxes
D:3:      cheibrodos_helix_gallery, layout_loops_ring, serial_bayou_pond_a
D:4:      layout_cave_pools, minmay_temple_entry_mini_moons, uniq_eustachio

Skill      XL: |  1  2  3  4  5 |
---------------+----------------+-----
Long Blades    | 3 |  3.3
Unarmed Combat | 1 2 4 5 |  5.4
Fighting       | |  2.0
Throwing       | |  1.7
Dodging        | |  2.6

Action                   |  1- 3 |  4- 6 || total
-------------------------+-------+-------++-------
Melee: Long sword        |   107 |       ||   107
       Punch             |     1 |       ||     1
       Unarmed           |       |   105 ||   105
       Kick              |       |    33 ||    33
 Stab: Sleeping          |     2 |       ||     2
Armor: Leather armour    |    35 |    26 ||    61
Dodge: Dodged            |    71 |    92 ||   163
       Rpst.: Long sword |    25 |       ||    25

Table legend: (Time is in decaauts)
 A = Elapsed time spent in this place.
 B = Non-inter-level travel time spent in this place.
 C = Inter-level travel time spent in this place.
 D = Time resting spent in this place.
 E = Time spent auto-exploring this place.
 F = Levels seen in this place.
 G = Mean time per level.
                   A        B        C        D        E       F      G
               +--------+--------+--------+--------+--------+-----+--------+
         Total |   4609 |   4488 |    121 |    243 |   3790 |   4 | 1152.2 |
       Dungeon |   4609 |   4488 |    121 |    243 |   3790 |   4 | 1152.2 |
               +--------+--------+--------+--------+--------+-----+--------+

Top non-repeatable levels by time:
     D:3: 2010 daAuts
     D:1: 1334 daAuts
     D:2: 1190 daAuts
     D:4: 74 daAuts
